 Dungeon Crawl Stone Soup version 0.29-a0-757-g358383bc75 (webtiles) character file.

Game seed: 9598291501437859693

66047 buhh the Alchemist (level 15, -1/139 HPs)
             Began as an Octopode Transmuter on June 30, 2022.
             Was a High Priest of Cheibriados.
             Slain by an ice devil (26 damage)
             ... summoned by an orc sorcerer
             ... on level 2 of the Orcish Mines.
             The game lasted 01:00:38 (38125 turns).

buhh the Alchemist (Octopode Transmuter)           Turns: 38125, Time: 01:00:38

Health: -1/139     AC: 28    Str: 22    XL:     15   Next: 18%
Magic:  0/23       EV: 19    Int: 36    God:    Cheibriados [*****.]
Gold:   944        SH:  0    Dex: 26    Spells: 3/18 levels left

rFire   + + +      SeeInvis +     - Unarmed
rCold   x . .      Faith    .   (no shield)
rNeg    + . .      Spirit   +   (helmet restricted)
rPois   ∞          Reflect  .   a - amulet of guardian spirit
rElec   +          Harm     .   n - ring of resist corrosion
rCorr   +          Rampage  .   o - ring of protection from fire
Will    +++..                   r - ring of willpower
Stlth   +++++.....              e - ring of willpower
HPRegen 0.33/turn               q - ring of protection from fire
MPRegen 0.18/turn               w - ring of see invisible
                                I - ring of fire
                                (no ring)

@: brilliant, statue-form, very slow
A: slow and powerful, torment resistance 1, boosted hp, almost no armour,
amphibious, 8 rings, camouflage 1, (gelatinous body 1), (nimble swimmer 1),
tentacles
a: End Transformation, Renounce Religion, Bend Time, Temporal Distortion,
Slouch, Step From Time


You were on level 2 of the Orcish Mines.
You worshipped Cheibriados.
Cheibriados was extremely pleased with you.
You were a living statue of rough stone.
You visited 4 branches of the dungeon, and saw 24 of its levels.
You also visited: Bailey.

You collected 1848 gold pieces.
You spent 904 gold pieces at shops.

Inventory:

Missiles
 j - 26 poisoned darts
 u - 5 throwing nets {!f}
 G - 2 silver javelins
Armour
 H - a +2 kite shield of protection
Magical Staves
 c - a staff of poison
 A - a staff of earth
Jewellery
 a - an amulet of guardian spirit (around mantle)
 e - a ring of willpower (on tentacle)
 n - a ring of resist corrosion (left tentacle)
 o - a ring of protection from fire (right tentacle)
 q - a ring of protection from fire (on tentacle)
 r - a ring of willpower (on tentacle)
 w - a ring of see invisible (on tentacle)
 I - a ring of fire (on tentacle)
 J - a +6 ring of intelligence
Wands
 b - a wand of polymorph (6)
 p - a wand of light (9)
 v - a wand of digging (17)
 x - a wand of iceblast (13)
 y - a wand of charming (10)
 z - a wand of mindburst (13)
Scrolls
 d - 3 scrolls of vulnerability
 g - 9 scrolls of identify {!d}
 i - a scroll of silence {!r}
 m - 6 scrolls of noise
 s - a scroll of poison
 C - a scroll of immolation {unknown}
 D - 2 scrolls of blinking {unknown}
 E - a scroll of summoning {unknown}
 F - 7 scrolls of enchant weapon
 P - 4 scrolls of magic mapping {!r!d}
 Q - a scroll of fog
 R - a scroll of torment {unknown}
 X - 2 scrolls of amnesia
 Z - 2 scrolls of enchant armour
Potions
 f - 3 potions of might
 h - 5 potions of degeneration
 k - a potion of flight
 l - 2 potions of lignification {!d}
 B - 3 potions of ambrosia {!q!d}
 K - 4 potions of brilliance {!q!d}
 L - 4 potions of attraction {unknown}
 M - a potion of berserk rage {unknown}
 O - 2 potions of haste {!q!d}
 U - 3 potions of mutation {!d}
 V - 2 potions of cancellation {!q!d}


   Skills:
 - Level 11.4 Fighting
 - Level 7.5 Dodging
 - Level 5.0 Stealth
 - Level 8.0 Unarmed Combat
 - Level 2.0 Spellcasting
 - Level 17.0 Transmutations
 - Level 8.0 Ice Magic
 * Level 3.8 Earth Magic
 - Level 2.0 Poison Magic
 - Level 11.0 Invocations


You had 3 spell levels left.
You knew the following spells:

 Your Spells              Type           Power      Damage    Failure   Level
a - Statue Form           Tmut/Erth      58%        N/A       12%         6
b - Wereblood             Tmut           100%       N/A       0%          2
e - Dragon Form           Tmut           56%        N/A       4%          7

Your spell library contained the following spells:

 Spells                   Type           Power      Damage    Failure   Level
 Beastly Appendage        Tmut           100%       N/A       0%          1
 Spider Form              Tmut/Pois      82%        N/A       1%          3
 Apportation              Tloc           10%        N/A       5%          1
 Magic Dart               Conj           20%        1d4       5%          1
 Necrotize                Necr           20%        1d5       5%          1
 Summon Small Mammal      Summ           20%        N/A       5%          1
 Call Imp                 Summ           5%         N/A       8%          2
 Scorch                   Fire           16%        2d6       8%          2
 Mephitic Cloud           Conj/Pois/Air  12%        N/A       12%         3
 Call Canine Familiar     Summ           5%         N/A       16%         3
 Portal Projectile        Hex/Tloc       10%        N/A       16%         3
 Tukima's Dance           Hex            5%         N/A       16%         3
 Ice Form                 Ice/Tmut       96%        N/A       1%          4
 Petrify                  Tmut/Erth      87%        N/A       1%          4
 Alistair's Intoxication  Tmut/Pois      54%        N/A       3%          5
 Yara's Violent Unravell  Hex/Tmut       38%        3d15      4%          5
 Summon Ice Beast         Ice/Summ       48%        N/A       10%         4
 Eringya's Noxious Bog    Tmut/Pois      41%        N/A       16%         6
 Leda's Liquefaction      Hex/Erth       13%        N/A       24%         4
 Metabolic Englaciation   Hex/Ice        24%        N/A       28%         5
 Cause Fear               Hex            2%         N/A       45%         4
 Flame Wave               Conj/Fire      8%         2d5       45%         4
 Passage of Golubria      Tloc           5%         N/A       45%         4
 Summon Forest            Summ/Tloc      2%         N/A       82%         5
 Summon Mana Viper        Hex/Summ       5%         N/A       82%         5
 Summon Cactus Giant      Summ           2%         N/A       100%        6
 Malign Gateway           Summ/Tloc      2%         N/A       100%        7
 Monstrous Menagerie      Summ           2%         N/A       100%        7
 Summon Hydra             Summ           2%         N/A       100%        7
 Summon Horrible Things   Summ           2%         N/A       100%        8
 Dragon's Call            Summ           2%         N/A       100%        9


Dungeon Overview and Level Annotations

Branches:
Dungeon (15/15) Zot: 36464  Temple (1/1) D:6 Zot: 8778    Lair (6/6) D:10 Zot: 39265
  Swamp (0/4) Lair:4       Spider (0/4) Lair:3          Orc (2/2) D:9 Zot: 15038
    Elf (0/3) Orc:2        Vaults (0/5) D:13         Depths (0/4) D:15
 Bailey (visited)
  Slime: Lair:5-6

Altars:
Ashenzari
Cheibriados
Dithmenos
Elyvilon
Fedhas
Gozag
Hepliaklqana
Kikubaaqudgha
Makhleb
Nemelex Xobeh
Okawaru
Qazlal
Sif Muna
Trog
Uskayaw
Vehumet
Wu Jian
Xom
Zin

Shops:
D:6 *?!   D:10 *   Orc:2 :![:

Annotations:
D:2 1 runed translucent door, Crazy Yiuf
D:3 2 transporters
D:6 1 runed translucent door
D:7 3 runed translucent doors, DocClef's ghost, novice TeFi; EyeSee2020's ghost, novice HOFi; benadryl's ghost, novice PaHu; gobodom's ghost, novice GrEE; peter4's ghost, novice DrBe
D:9 exclusion: ice statue
D:10 Psyche
D:12 2 transporters, SkeletonJelly's ghost, journeyman DsFi
Lair:3 exclusion: oklob plant
Orc:2 Donald


Innate Abilities, Weirdness & Mutations

You are a living statue of rough stone.
Your actions are slow, but your melee attacks are powerful.
You are resistant to unholy torment.
Your maximum health is greatly increased.
You are immune to poison.
You cannot wear most types of armour.
You are amphibious.
You can wear up to eight rings at the same time.
Your skin changes colour to match your surroundings (Stealth+).
((Your rubbery body absorbs attacks. (AC +1, EV +1)))
((You are camouflaged when in or above water. (Stealth+)))
You have tentacles for arms and can constrict up to eight enemies at once.


Message History

The bolt completely misses you. The ynoxinul completely misses you.
You see here a +0 long sword.
You batter the ynoxinul!! Your grab misses the ynoxinul.
The ynoxinul is almost dead.
The orc sorcerer hits you but does no damage.
The orc warlord shoots a bolt.
The bolt completely misses you.
The ynoxinul gestures.
The ufetubus misses you. The ufetubus completely misses you.
The orc sorcerer hits you from afar with a +0 trident!
You barely miss the ynoxinul. You grab the ynoxinul.
The ynoxinul is almost dead.
You constrict the ynoxinul. The ufetubus misses you.
The ufetubus hits you but does no damage.
The orc warlord shoots a bolt.
The bolt hits you!!
The ynoxinul gestures.
The ufetubus closely misses you. The ufetubus misses you. x2
The ufetubus barely misses you.
The ice devil hits you but does no damage.
The orc sorcerer hits you from afar with a +0 trident.
The ynoxinul hits you!
You bludgeon the ynoxinul!
You kill the ynoxinul!
The ynoxinul disappears in a puff of smoke!
The ufetubus disappears in a puff of smoke! x6
The ice devil hits you! The ice devil freezes you!!
You feel a terrible chill! The orc sorcerer barely misses you.
The orc warlord shoots a bolt.
The bolt hits you!
* * * LOW HITPOINT WARNING * * *
You hear a howl!
Okay, then.
Really quaff
K - 5 potions of brilliance {!q!d}?
You feel clever all of a sudden. The ice devil barely misses you.
The orc sorcerer hits you from afar with a +0 trident.
* * * LOW HITPOINT WARNING * * *
The orc warlord shoots a bolt.
The bolt completely misses you. The ice devil hits you!
* * * LOW HITPOINT WARNING * * *
The ice devil freezes you!!
You feel a terrible chill!
You die...

#...#......###
.......##...##........
##......##....##.......
#.......##.....######..
#.......##.............
#...)....#.............
#...o.§##...)..)......
#.§§§4.#......))...).
#o§8###.............
####...##..............
......§§§...............
........................
........................
........................
........................
#.#...#........###.#.#..
################ #######


You could see an orc warlord, an ice devil (summoned) and an orc sorcerer
(strong).

Vanquished Creatures
  Rupert (Orc:2)
  An orc warlord (Orc:2)
  Nessos (Orc:2)
  Azrael (D:12)
  Snorg (D:14)
  A fire dragon (D:14)
  Erolcha (Orc:2)
  7 hydras
  A boulder beetle (D:12)
  A catoblepas (Lair:5)
  A two-headed ogre (D:13)
  5 centaur warriors
  2 tengu warriors (D:13)
  A death yak (Lair:6)
  5 orc high priests (Orc:2)
  Urug (D:13)
  3 bog bodies (Lair:4)
  A deep elf archer (Orc:2)
  2 deep elf pyromancers (Orc:2)
  7 ugly things
  5 orc sorcerers (Orc:2)
  4 cyclopes
  A faun (Bailey)
  4 elephants (Lair:3)
  A manticore (Lair:6)
  4 black mambas
  A torpor snail (Lair:5)
  3 gargoyles
  9 cane toads
  An unseen horror (D:12)
  3 efreet
  9 komodo dragons
  A rime drake (Lair:5)
  2 polar bears
  8 trolls
  3 meliai (D:9)
  A wolf spider simulacrum (D:14)
  7 slime creatures
  11 blink frogs
  4 jumping spiders (Lair:3)
  A spriggan (Lair:3)
  2 culicivoras (Lair:3)
  2 shadows
  A wraith (D:11)
  16 humans (D:13)
  2 fire elementals (D:12)
  19 yaks
  2 wyverns
  4 basilisks
  A steam dragon (D:6)
  5 vampire mosquitoes
  3 redbacks (Lair:3)
  2 wargs (Orc:2)
  A swamp worm (Lair:4)
  3 acid dragons
  3 hell hounds (D:12)
  12 water moccasins
  4 black bears
  26 orc warriors
  An ice beast (D:6)
  5 ogres
  13 wolves
  2 phantoms
  5 centaurs
  2 kobold brigands (D:8)
  Blork the orc (D:5)
  2 necrophages
  6 gnoll sergeants
  9 bullfrogs
  8 scorpions
  4 wights (D:8)
  4 killer bees (D:9)
  6 howler monkeys
  2 electric eels (Lair:1)
  A lava snake (Lair:1)
  2 gnoll shamans
  3 jellies
  35 orc priests
  5 hounds
  5 iguanas
  38 orc wizards
  Robin (D:2)
  10 adders
  38 gnolls
  2 shadow imps
  2 white imps (D:5)
  8 ufetubi
  2 worms
  A dart slug (D:2)
  74 orcs
  10 ball pythons
  5 bats
  2 endoplasms
  13 giant cockroaches
  21 goblins
  10 hobgoblins
  11 jackals
  A quokka (D:1)
  2 frilled lizards (D:2)
  15 kobolds
  A rat (D:1)
623 creatures vanquished.

Vanquished Creatures (others)
  An orc (Orc:2)
  A bush (Lair:3)
  47 fungi
  54 plants
103 creatures vanquished.

Grand Total: 726 creatures vanquished

Notes
Turn   | Place    | Note
-------+----------+-------------------------------------------
     0 | D:1      | buhh the Octopode Transmuter began the quest for the Orb.
     0 | D:1      | Reached XP level 1. HP: 13/13 MP: 3/3
   336 | D:1      | Reached XP level 2. HP: 18/18 MP: 3/5
   875 | D:1      | Found a faded altar of an unknown god.
  1389 | D:1      | Learned a level 2 spell: Wereblood
  1402 | D:2      | Reached XP level 3. HP: 17/24 MP: 3/6
  1412 | D:2      | Noticed Robin
  1817 | D:2      | Killed Robin
  2111 | D:2      | Reached XP level 4. HP: 30/30 MP: 5/7
  2222 | D:2      | Found a runed translucent door.
  2223 | D:2      | Noticed Crazy Yiuf
  2917 | D:3      | Reached XP level 5. HP: 22/36 MP: 8/8
  2917 | D:3      | HP: 2/54 [orc wizard/+0 dagger of electrocution (20)]
  3696 | D:3      | Found a bloodstained altar of Trog.
  3725 | D:3      | Found a transporter.
  3805 | D:3      | Reached XP level 6. HP: 7/44 MP: 9/9
  4257 | D:3      | Found a transporter.
  4814 | D:4      | Learned a level 3 spell: Spider Form
  5392 | D:4      | Found an ancient bone altar of Kikubaaqudgha.
  5634 | D:4      | Reached XP level 7. HP: 46/50 MP: 6/10
  6280 | D:5      | Entered Level 5 of the Dungeon
  6542 | D:5      | Noticed Blork the orc
  7131 | D:5      | Reached skill level 3 in Transmutations
  7230 | D:5      | Killed Blork the orc
  7309 | D:5      | Reached skill level 4 in Transmutations
  7647 | D:5      | Reached XP level 8. HP: 57/57 MP: 7/11
  7890 | D:6      | Reached skill level 5 in Transmutations
  8397 | D:6      | Found Mijuyth's Magic Scroll Shop.
  8647 | D:6      | Bought a scroll of teleportation for 39 gold pieces
  8647 | D:6      | Bought a scroll of teleportation for 39 gold pieces
  8647 | D:6      | Bought a scroll of fog for 26 gold pieces
  8647 | D:6      | Bought 2 scrolls of identify for 52 gold pieces
  8647 | D:6      | Bought a scroll of identify for 26 gold pieces
  8698 | D:6      | Found a staircase to the Ecumenical Temple.
  8712 | D:6      | Reached skill level 6 in Transmutations
  8727 | Temple   | Entered the Ecumenical Temple
  8864 | Temple   | Became a worshipper of Cheibriados the Contemplative
  8903 | D:6      | Found Ijuro's Distillery.
  8916 | D:6      | Bought a potion of curing for 39 gold pieces
  9061 | D:6      | Found a runed translucent door.
  9075 | D:6      | Found a runed translucent door.
  9357 | D:6      | Found Lekk's General Store.
  9367 | D:6      | Bought a potion of curing for 33 gold pieces
  9367 | D:6      | Bought a potion of curing for 33 gold pieces
  9376 | D:6      | Reached skill level 7 in Transmutations
  9382 | D:6      | Found a shadowy altar of Dithmenos.
  9542 | D:6      | Learned a level 4 spell: Ice Form
  9560 | D:6      | Reached skill level 8 in Transmutations
  9560 | D:6      | Reached * piety under Cheibriados
  9568 | D:6      | Reached XP level 9. HP: 45/62 MP: 5/12
 10814 | D:7      | Reached ** piety under Cheibriados
 11047 | D:7      | Found a runed translucent gate.
 11049 | D:7      | Found a runed translucent gate.
 11051 | D:7      | Found a runed translucent gate.
 11052 | D:7      | Noticed benadryl's ghost (novice PaHu)
 11052 | D:7      | Noticed EyeSee2020's ghost (novice HOFi)
 11053 | D:7      | Noticed DocClef's ghost (novice TeFi)
 11053 | D:7      | Noticed peter4's ghost (novice DrBe)
 11053 | D:7      | Noticed gobodom's ghost (novice GrEE)
 12331 | D:8      | Reached *** piety under Cheibriados
 12466 | D:8      | Reached XP level 10. HP: 54/71 MP: 6/13
 13851 | D:9      | Found a flagged portal.
 13855 | D:9      | Reached **** piety under Cheibriados
 14110 | Bailey   | Entered a bailey
 14248 | Bailey   | Noticed an orc knight
 14249 | Bailey   | Noticed a faun
 14249 | Bailey   | an orc knight changed into a faun
 14260 | Bailey   | Killed a faun
 14513 | Bailey   | Identified the +1 crystal plate armour "Vuing" {+Blink rC+}
 15426 | D:9      | Found a blossoming altar of Fedhas.
 15610 | D:9      | Found a staircase to the Orcish Mines.
 15670 | D:9      | Reached XP level 11. HP: 27/80 MP: 1/14
 15940 | D:9      | Found an ornate altar of the Wu Jian Council.
 15953 | D:9      | Reached ***** piety under Cheibriados
 17178 | D:9      | Found a radiant altar of Vehumet.
 17179 | D:9      | Found a hide-covered altar of Uskayaw.
 17180 | D:9      | Found a hazy altar of Hepliaklqana.
 17445 | D:10     | Entered Level 10 of the Dungeon
 17517 | D:10     | Found Felomos's Assorted Antiques.
 17523 | D:10     | Bought a scroll labelled ABBEFANIUL for 41 gold pieces
 17529 | D:10     | Found a staircase to the Lair.
 17589 | D:10     | Noticed Psyche
 19013 | D:11     | Reached skill level 9 in Transmutations
 19169 | D:11     | Noticed a seven-headed hydra
 19172 | D:11     | Killed a seven-headed hydra
 20367 | D:12     | Found a transporter.
 20371 | D:12     | Noticed SkeletonJelly's ghost (journeyman DsFi)
 20391 | D:12     | Noticed a boulder beetle
 20836 | Lair:1   | Entered Level 1 of the Lair of Beasts
 22206 | Lair:1   | Reached skill level 10 in Transmutations
 23111 | Lair:2   | Reached XP level 12. HP: 87/87 MP: 11/16
 25068 | Lair:3   | Reached skill level 11 in Transmutations
 25807 | Lair:3   | Found a hole to the Spider Nest.
 25836 | Lair:3   | Reached ****** piety under Cheibriados
 27215 | Lair:4   | Reached skill level 12 in Transmutations
 27340 | Lair:4   | Found a staircase to the Swamp.
 28035 | Lair:4   | Noticed a four-headed hydra
 28046 | Lair:4   | Killed a four-headed hydra
 28155 | Lair:4   | Noticed a four-headed hydra
 28271 | Lair:4   | Noticed a seven-headed hydra
 28306 | Lair:5   | Reached XP level 13. HP: 86/92 MP: 16/20
 28678 | Lair:5   | Found a stormy altar of Qazlal.
 28873 | Lair:5   | Reached skill level 13 in Transmutations
 29845 | Lair:6   | Entered Level 6 of the Lair of Beasts
 29848 | Lair:6   | Reached skill level 11 in Invocations
 30083 | Lair:6   | Reached skill level 14 in Transmutations
 31160 | D:12     | Found a transporter.
 31745 | D:12     | Noticed Azrael
 31759 | D:12     | Killed Azrael
 31761 | D:12     | Reached skill level 15 in Transmutations
 32099 | D:12     | You fall into a shaft and drop 3 floors!
 32099 | D:15     | Entered Level 15 of the Dungeon
 33179 | D:13     | Reached XP level 14. HP: 99/99 MP: 17/22
 33561 | D:13     | Learned a level 7 spell: Dragon Form
 33623 | D:13     | Found a gate to the Vaults.
 33630 | D:13     | Noticed Urug
 33633 | D:13     | Reached skill level 16 in Transmutations
 33642 | D:13     | Killed Urug
 34835 | D:14     | Noticed Snorg
 34839 | D:14     | Killed Snorg
 35113 | D:14     | Reached skill level 17 in Transmutations
 35740 | Orc:1    | Entered Level 1 of the Orcish Mines
 35883 | Orc:1    | You fall into a shaft and drop 1 floor!
 35883 | Orc:2    | Entered Level 2 of the Orcish Mines
 35918 | Orc:2    | Noticed an orc warlord
 35926 | Orc:2    | Killed an orc warlord
 36462 | Orc:2    | Noticed Donald
 36609 | Orc:2    | Reached skill level 11 in Fighting
 36791 | Orc:2    | Found Vumyav's Distillery.
 36791 | Orc:2    | Found Vifef's Book Emporium.
 36864 | Orc:2    | Found Odusch's Antique Armour Shoppe.
 36878 | Orc:2    | Found Juurphuf's Book Shoppe.
 36887 | Orc:2    | Bought a book of Sloth for 576 gold pieces
 36915 | Orc:2    | Reached XP level 15. HP: 106/106 MP: 16/23
 36986 | Orc:2    | Learned a level 6 spell: Statue Form
 37113 | Orc:2    | Noticed Rupert
 37126 | Orc:2    | Noticed Nessos
 37128 | Orc:2    | Killed Rupert
 37130 | Orc:2    | Killed Nessos
 37148 | Orc:2    | Noticed Erolcha
 37255 | Orc:2    | Found a staircase to the Elven Halls.
 37599 | Orc:2    | Killed Erolcha
 38114 | Orc:2    | Noticed an orc warlord
 38125 | Orc:2    | Slain by an ice devil

Illustrated notes

Levels and vault maps discovered:
D:1:      psy_arrival_radial02, layout_basic,
          shapermc_ecumenical_altar_starsandcircs
D:2:      layout_rooms, uniq_robin, uniq_crazy_yiuf_cottage
D:3:      gammafunk_wand_slinger, layout_rooms, lightli_temple_of_fire
D:4:      layout_loops_ring, nicolae_overflow_crystal_walls
D:5:      cheibrodos_helix_gallery, layout_basic, uniq_blork_the_orc
D:6:      lemuel_insect_pit, layout_basic, mainiacjoe_overflow_paths,
          minmay_temple_entry_butterflies, serial_shops, shop,
          nicolae_lakefront_shop, shop_scrolls
D:7:      layout_cave_pools, gammafunk_ghost_cemetery, minmay_fractal_squares_5
D:8:      layout_cave_pools
D:9:      cheibrodos_frozen_isle, layout_irregular_city, fedhas_ov_isle_minmay,
          chequers_temple_overflow_statue_of_worship, enter_bailey_5
D:10:     layout_irregular_city, lair_entry_dummy, serial_shops, shop,
          uniq_psyche
D:11:     layout_stronghold
D:12:     layout_loops_ring, gammafunk_ghost_stat_death,
          kennysheep_generic_room_8, uniq_azrael
D:13:     layout_roguey, david_vaults_3
D:14:     layout_gridville, uniq_snorg
D:15:     hangedman_depths_entry_civil_slaughter, layout_basic
Temple:   compressed_dpeg_circular_temple
Lair:1:   layout_gridlike
Lair:2:   layout_loops_ring
Lair:3:   layout_chaotic_city, nicolae_spider_entry_tight_spaces,
          grunt_forest_stairs_clearing, grunt_megastairs_1, uniq_urug
Lair:4:   layout_cave_pods, nicolae_swamp_entry_splash_gauntlet,
          minmay_shattered_shrine, infiniplex_staircase_pool_2
Lair:5:   layout_roguey, basic_altar
Lair:6:   evilmike_catoblepas_cave, layout_gridlike, slime_entry_1,
          hibernation_bobbens
Orc:1:    layout_diamond_mine
Orc:2:    st_orc_mages, layout_diamond_mine, elf_legates, uniq_rupert,
          uniq_erolcha, uniq_nessos, uniq_donald

Skill      XL: |  1  2  3  4  5  6  7  8  9 10 11 12 13 14 15 |
---------------+----------------------------------------------+-----
Stealth        | 1 2 3 5 |  5.0
Fighting       | 2 3 4 5 6 7 9 10 11 | 11.4
Unarmed Combat | 4 5 7 8 |  8.0
Poison Magic   | 2 |  2.0
Transmutations | 4 8 10 12 15 17 | 17.0
Ice Magic      | 1 5 7 8 |  8.0
Invocations    | 5 9 11 | 11.0
Dodging        | 7 |  7.5
Earth Magic    | 3 |  3.8
Spellcasting   | |  2.0

Action                   |  1- 3 |  4- 6 |  7- 9 | 10-12 | 13-15 || total
-------------------------+-------+-------+-------+-------+-------++-------
Melee: Unarmed           |    85 |   131 |   357 |   547 |   418 ||  1538
       Constrict         |    27 |    26 |    22 |     1 |     3 ||    79
       Kick              |    27 |    40 |    33 |       |       ||   100
       Tentacles         |    12 |    27 |    20 |       |     2 ||    61
       Punch             |     2 |     4 |     3 |       |    11 ||    20
       Tailslap          |       |       |       |       |    38 ||    38
       Bite              |       |       |       |       |    23 ||    23
 Cast: Beastly Appendage |    20 |    31 |    29 |       |       ||    80
       Wereblood         |     2 |     1 |     3 |     6 |     3 ||    15
       Spider Form       |       |       |    18 |       |       ||    18
       Ice Form          |       |       |    21 |   124 |    41 ||   186
       Dragon Form       |       |       |       |       |    31 ||    31
       Statue Form       |       |       |       |       |     2 ||     2
Invok: Slouch            |       |       |       |     1 |     7 ||     8
       Step From Time    |       |       |       |       |     3 ||     3
 Abil: Breathe Fire      |       |       |       |       |     1 ||     1
Evoke: Wand              |       |     5 |       |    11 |       ||    16
  Use: Potion            |       |     2 |       |    11 |     6 ||    19
       Scroll            |       |     5 |     8 |    19 |     7 ||    39
 Stab: Sleeping          |     3 |     8 |    12 |     9 |     8 ||    40
       Invisible         |       |       |       |     1 |       ||     1
       Distracted        |       |       |       |       |     4 ||     4
Armor: Skin              |     9 |    52 |    90 |   209 |   218 ||   578
Dodge: Dodged            |    55 |    70 |   269 |   292 |   297 ||   983

Table legend: (Time is in decaauts)
 A = Elapsed time spent in this place.
 B = Non-inter-level travel time spent in this place.
 C = Inter-level travel time spent in this place.
 D = Time resting spent in this place.
 E = Time spent auto-exploring this place.
 F = Levels seen in this place.
 G = Mean time per level.
                   A        B        C        D        E       F      G
               +--------+--------+--------+--------+--------+-----+--------+
         Total |  46505 |  44353 |   2152 |  14881 |  23560 |  25 | 1860.2 |
       Dungeon |  28487 |  26775 |   1712 |   9397 |  14062 |  15 | 1899.1 |
        Temple |    152 |    126 |     26 |      0 |    113 |   1 |  152.0 |
          Lair |  13377 |  12965 |    412 |   3754 |   7614 |   6 | 2229.5 |
  Orcish Mines |   2957 |   2957 |      0 |    902 |   1561 |   2 | 1478.5 |
        Bailey |   1530 |   1530 |      0 |    828 |    208 |   1 | 1530.0 |
               +--------+--------+--------+--------+--------+-----+--------+

Top non-repeatable levels by time:
  Lair:3: 3661 daAuts
     D:9: 3063 daAuts
   Orc:2: 2790 daAuts
  Lair:1: 2751 daAuts
    D:13: 2431 daAuts
     D:6: 2409 daAuts
    D:12: 2358 daAuts
     D:8: 2331 daAuts
    D:11: 2282 daAuts
  Lair:5: 2240 daAuts
  Lair:4: 2201 daAuts
    D:10: 2184 daAuts
     D:5: 1887 daAuts
     D:3: 1871 daAuts
     D:1: 1770 daAuts
